 Dungeon Crawl Stone Soup version 0.29.1-13-g9f3cf754e1 (webtiles) character file.

Game seed: 4538272327171245424

58 DildoBatman the Conjurer (level 4, -1/26 (32) HPs)
             Began as a Formicid Conjurer on Jan 23, 2023.
             Slain by a gnoll
             ... wielding a +0 club
              (3 damage)
             ... on level 3 of the Dungeon.
             The game lasted 00:03:12 (1312 turns).

DildoBatman the Conjurer (Formicid Conjurer)        Turns: 1312, Time: 00:03:12

HP:   -1/26 (32)    AC:  4    Str: 18    XL:     4   Next: 20%
MP:   5/8           EV: 12    Int: 19    God:
Gold: 116           SH:  0    Dex: 12    Spells: 5/8 levels left

rFire   . . .      SeeInvis +   b - +0 sling
rCold   . . .      Faith    .   (no shield)
rNeg    . . .      Spirit   .   p - +0 robe
rPois   .          Reflect  .   (helmet unavailable)
rElec   .          Harm     .   l - +0 cloak
rCorr   .          Rampage  .   (no gloves)
Will    .....                   o - +0 pair of boots
Stlth   ++........              (no amulet)
HPRegen 0.08/turn               g - +6 ring of strength
MPRegen 0.11/turn               (no ring)

@: heavily drained
A: permanent stasis, dig shafts and tunnels, antennae 3, four strong arms
a: Dig, Shaft Self


You were on level 3 of the Dungeon.
You visited 1 branch of the dungeon, and saw 3 of its levels.

You collected 138 gold pieces.
You spent 22 gold pieces at shops.

Inventory:

Hand Weapons
 a - a +0 quarterstaff
 b - a +0 sling (weapon)
Missiles
 s - 2 poisoned darts
Armour
 l - a +0 cloak (worn)
 o - a +0 pair of boots (worn)
 p - a +0 robe (worn)
Magical Staves
 r - a staff of conjuration
Jewellery
 g - a +6 ring of strength (left hand)
 n - a ring of fire
Scrolls
 d - a scroll of immolation {unknown}
 f - 2 scrolls of identify
 k - a scroll of teleportation {unknown}
 m - a scroll of fear {unknown}
Potions
 c - 2 potions of attraction {unknown}
 e - 3 potions of heal wounds {unknown}
 h - a potion of magic
 i - 2 potions of flight {unknown}
 j - a potion of berserk rage {unknown}
 q - a potion of invisibility {unknown}


   Skills:
 * Level 1.6 Fighting
 * Level 1.6 Armour
 - Level 2.0 Dodging
 - Level 2.4 Stealth
 * Level 2.8 Spellcasting
 * Level 3.9 Conjurations


You had 5 spell levels left.
You knew the following spells:

 Your Spells              Type           Power      Damage    Failure   Level
a - Searing Ray           Conj           34%        2d5       4%          2
c - Magic Dart            Conj           68%        1d6       3%          1

Your spell library contained the following spells:

 Spells                   Type           Power      Damage    Failure   Level
 Slow                     Hex            8%         N/A       16%         1
 Dazzling Flash           Conj/Hex       20%        N/A       21%         3
 Confusing Touch          Hex            2%         N/A       43%         3
 Vampiric Draining        Necr           2%         2d6       43%         3
 Fulminant Prism          Conj/Hex       5%         3d7       56%         4
 Iskenderun's Mystic Bla  Conj/Tloc      10%        2d4       56%         4


Dungeon Overview and Level Annotations

Branches:
Dungeon (3/15)

Altars:
Xom

Shops:
D:2 *


Innate Abilities, Weirdness & Mutations

You cannot be hasted, slowed, berserked, paralysed or teleported.
You can dig through walls and to a lower floor.
You have a pair of large antennae on your head. (SInv)
Your four strong arms can wield two-handed weapons with a shield.


Message History

t - Shout!
Orders for allies: a - Attack new target. r - Retreat! s - Stop attacking. g - Guard the area. f - Follow me.
Anything else - Cancel.
You shout for attention!
The bat closely misses you. The bat hits you but does no damage.
The gnoll barely misses you. What are your orders? t - Shout!
Orders for allies: a - Attack new target. r - Retreat! s - Stop attacking. g - Guard the area. f - Follow me.
Anything else - Cancel.
You shout for attention!
The bat hits you but does no damage. The bat barely misses you.
The gnoll barely misses you. The bat hits you but does no damage.
What are your orders? t - Shout!
Orders for allies: a - Attack new target. r - Retreat! s - Stop attacking. g - Guard the area. f - Follow me.
Anything else - Cancel.
You shout for attention!
The bat misses you. The bat hits you but does no damage.
The gnoll closely misses you. What are your orders? t - Shout!
Orders for allies: a - Attack new target. r - Retreat! s - Stop attacking. g - Guard the area. f - Follow me.
Anything else - Cancel.
You shout for attention!
The bat hits you but does no damage. The gnoll hits you with a +0 club.
You die...

##################
..........@b...!...
###..#.#######g######
......_.. #.##
...>.#.#.## #.##
#.........####.#########
........#...$†)).......#
#.........g######.###..#
##.....##.....# .#
#.......<...#.# .#


You could see a gnoll and a bat.

Vanquished Creatures
  2 gnolls (D:3)
  An adder (D:3)
  2 endoplasms (D:1)
  4 giant cockroaches
  A goblin (D:1)
  2 hobgoblins (D:1)
  3 quokkas
  2 ball pythons
  2 bats (D:1)
  A frilled lizard (D:3)
  7 kobolds (D:1)
  2 rats (D:1)
29 creatures vanquished.

Notes
Turn   | Place    | Note
-------+----------+-------------------------------------------
     0 | D:1      | DildoBatman the Formicid Conjurer began the quest for the
                  | Orb.
     0 | D:1      | Reached XP level 1. HP: 13/13 MP: 3/3
   381 | D:1      | Reached XP level 2. HP: 20/20 MP: 5/5
   385 | D:1      | Learned a level 2 spell: Searing Ray
   598 | D:1      | Reached skill level 1 in Armour
   601 | D:1      | Reached skill level 1 in Fighting
   650 | D:1      | Reached XP level 3. HP: 24/26 MP: 4/6
  1052 | D:2      | Found Delashrel's General Store.
  1064 | D:2      | Bought a scroll of identify for 22 gold pieces
  1266 | D:3      | Found a shimmering altar of Xom.
  1283 | D:3      | Reached XP level 4. HP: 21/32 MP: 2/8
  1306 | D:3      | HP: 1/26 [gnoll/+0 club (3)]
  1312 | D:3      | Slain by a gnoll

Illustrated notes

Levels and vault maps discovered:
D:1:      tarquinn_simple_flora_water_f, layout_basic,
          chequers_serial_rivers_small_a, nicolae_concentric_dashed_squares_mild
D:2:      layout_rooms, serial_glass, glass_columns_a, glass_columns_a,
          serial_shops, nicolae_diamond_shop
D:3:      minmay_skewed_foursquare, layout_rooms, lemuel_crystal_altar,
          chequers_ecumenical_altar_lobes, serial_shops, shop,
          kennysheep_generic_room_3, uniq_crazy_yiuf_cottage

Skill      XL: |  1  2 |
---------------+-------+-----
Dodging        | 2 |  2.0
Armour         | 1 |  1.6
Fighting       | 1 |  1.6
Stealth        | |  2.4
Spellcasting   | |  2.8
Conjurations   | |  3.9

Action                   |  1- 3 |  4- 6 || total
-------------------------+-------+-------++-------
Melee: Spear             |     8 |       ||     8
 Fire: Sling             |    39 |       ||    39
 Cast: Magic Dart        |    18 |       ||    18
       Searing Ray       |     4 |       ||     4
 Abil: Dig               |       |     1 ||     1
 Stab: Sleeping          |     1 |       ||     1
Armor: Robe              |     3 |    14 ||    17
Dodge: Dodged            |    14 |    34 ||    48
